 Dungeon Crawl Stone Soup version 0.24-a0-312-g16217b4 (webtiles) character file.

Game seed: 15104741676757829332

0 mhoghedin the Insei (level 1, -3/16 HPs)
             Began as a Demigod Transmuter on May 15, 2019.
             Slain by a hobgoblin (5 damage)
             ... on level 1 of the Dungeon.
             The game lasted 00:00:27 (43 turns).

mhoghedin the Insei (Demigod Transmuter)              Turns: 43, Time: 00:00:28

Health: -3/16      AC:  2    Str: 13    XL:     1   Next: 6%
Magic:  4/5        EV: 12    Int: 17    God:
Gold:   4          SH:  0    Dex: 16    Spells: 2/3 levels left

rFire    . . .     SeeInvis .     - Unarmed
rCold    . . .     Gourm    .   (no shield)
rNeg     . . .     Faith    .   c - +0 robe
rPois    .         Spirit   .   (no helmet)
rElec    .         Reflect  .   (no cloak)
rCorr    .         Harm     .   (no gloves)
MR       .....                  (no boots)
Stlth    +.........             (no amulet)
HPRegen  0.05/turn              (no ring)
MPRegen  0.09/turn              (no ring)

@: very slightly contaminated
A: high mp 1
a: no special abilities


You were on level 1 of the Dungeon.
You were not hungry.

You visited 1 branch of the dungeon, and saw 1 of its levels.

You collected 4 gold pieces.

Inventory:

Hand Weapons
 b - a +0 hunting sling
   (You found it on level 1 of the Dungeon)
Missiles
 a - 12 arrows
 e - 2 throwing nets {=f, !d}
Armour
 c - a +0 robe (worn)
Comestibles
 d - 2 rations


   Skills:
 + Level 1.0 Fighting
 - Level 1.7 Dodging
 - Level 2.6 Unarmed Combat
 - Level 1.7 Spellcasting
 - Level 1.7 Transmutations


You had 2 spell levels left.
You knew the following spells:

 Your Spells              Type           Power        Failure   Level  Hunger
a - Beastly Appendage     Tmut           #.....       10%         1    #......

Your spell library contained the following spells:

 Spells                   Type           Power        Failure   Level  Hunger
 Sticks to Snakes         Tmut           #.......     14%         2    ###....
 Spider Form              Tmut/Pois      #.........   38%         3    ###....
 Ice Form                 Ice/Tmut       #.......     80%         4    #####..
 Blade Hands              Tmut           #.........   95%         5    ######.


Dungeon Overview and Level Annotations

Branches:
Dungeon (1/15)


Innate Abilities, Weirdness & Mutations

You have an increased reservoir of magic. (+10% MP)


Message History

Welcome, mhoghedin the Demigod Transmuter.
It is said that the Orb of Zot exists deep within this dungeon.
Found a ration, 4 gold pieces and a hunting sling.
Found a staircase leading out of the dungeon.
You now have 4 gold pieces.
c - a hunting sling Wield which item (- for none, * to show all)? (? for menu, Esc to quit)
c - a +0 hunting sling (weapon)
d - 2 rations (gained 1)
e - 2 throwing nets {=f, !d} A kobold comes into view.
It is wielding a +0 dagger.
The kobold shouts!
You hear a shout!
The kobold throws a stone.
The stone hits you but does no damage.
You see here a stone.
A kobold is nearby!
You miscast Beastly Appendage.
You are very lightly contaminated with residual magic.
You smell something strange.
The kobold throws a stone.
The stone misses you.
You now have 4/5 mp.
You are now empty-handed.
Adjust to which letter? (? for menu, Esc to quit)
b - a +0 hunting sling;
c - a +0 robe (worn)
The kobold throws a stone.
The stone barely misses you.
You see here a stone.
The kobold throws a stone.
The stone hits you.
You see here a stone.
You take 2 damage, and have 13/15 hp.
Your feet morph into talons.
The kobold throws a stone.
The stone barely misses you.
You now have 3/5 mp.
The kobold misses you.
You closely miss the kobold. You claw the kobold, but do no damage.
The kobold closely misses you.
A hobgoblin comes into view.
You barely miss the kobold. Your kick misses the kobold.
The kobold hits you with a +0 dagger.
You take 3 damage, and have 10/15 hp.
You hit the kobold but do no damage. Your kick misses the kobold.
Your transformation is almost over.
The kobold hits you but does no damage.
You closely miss the kobold. You claw the kobold, but do no damage.
The kobold hits you with a +0 dagger.
You take 3 damage, and have 7/15 hp.
You miss the kobold. You claw the kobold.
You kill the kobold!
Your Fighting skill increases to level 1!
The hobgoblin hits you.
Things that are here:
a +0 dagger; a kobold corpse You take 1 damage, and have 7/16 hp.
You hit the hobgoblin. The hobgoblin hits you.
You take 1 damage, and have 6/16 hp.
You closely miss the hobgoblin. The hobgoblin hits you.
* * * LOW HITPOINT WARNING * * *
You take 2 damage, and have 4/16 hp.
You closely miss the hobgoblin. The hobgoblin hits you.
* * * LOW HITPOINT WARNING * * *
You take 2 damage, and have 2/16 hp.
Unknown command.
Your talons disappear.
You see here a stone.
b - a +0 hunting sling (weapon)
You are now empty-handed.
The hobgoblin hits you.
You die...

#..#≈#.........
#..##..........
##..#...........
##..##...........
##..#.#...........
#..#.........<.... .
##..#.#...........
....#######((##...........
...!...)g@(#..#...........
....######.#..##..........
. #....#≈#.........
#....#≈≈#^......#
..#..#######.#### ###....
.. ..... ####


You could see a hobgoblin.

Vanquished Creatures
  A kobold (D:1)
1 creature vanquished.

Notes
Turn   | Place    | Note
-------+----------+-------------------------------------------
     0 | D:1      | mhoghedin the Demigod Transmuter began the quest for the
                  | Orb.
     0 | D:1      | Reached XP level 1. HP: 15/15 MP: 5/5
    35 | D:1      | Reached skill level 1 in Fighting
    38 | D:1      | HP: 4/16 [hobgoblin (2)]
    43 | D:1      | Slain by a hobgoblin

Levels and vault maps discovered:
D:1:      psy_arrival_dodecagon, layout_basic, chequers_serial_rivers_room_a,
          minmay_misc_feat_encased, minmay_small_reverse_x

Skill      XL: |  1 |
---------------+----+-----
Fighting       | 1 |  1.0
Dodging        | |  1.7
Unarmed Combat | |  2.6
Spellcasting   | |  1.7
Transmutations | |  1.7

Action                   || total
-------------------------++-------
Melee: Unarmed           ||     8
       Kick              ||     3
 Cast: Beastly Appendage ||     1
Armor: Robe              ||     1
Dodge: Dodged            ||     5

Table legend:
 A = Non-vault XP
 B = Vault XP
 C = Vault XP percentage of total XP
 D = Non-vault monster count
 E = Vault monster count
 F = Vault count percentage of total count
                 A         B        C        D         E       F
            +---------+---------+-------+---------+---------+-------
      Total |       1 |       0 |   0.0 |       1 |       0 |   0.0
            +---------+---------+-------+---------+---------+-------
        D:1 |       1 |       0 |   0.0 |       1 |       0 |   0.0
            +---------+---------+-------+---------+---------+-------

Levels and vault maps discovered:
D:1:      psy_arrival_dodecagon, layout_basic, chequers_serial_rivers_room_a,
          minmay_misc_feat_encased, minmay_small_reverse_x

Table legend:
 A = Turns spent in this place as a percentage of turns spent in the entire game.
 B = Non-inter-level travel turns spent in this place as a percentage of non-inter-level travel turns spent in the entire game.
 C = Inter-level travel turns spent in this place as a percentage of turns spent in this place.
 D = Turns resting spent in this place as a percentage of non-inter-level travel turns spent in this place.
 E = Turns spent auto-exploring this place as a percentage of non-inter-level travel turns spent in this place.
 F = Non-inter-level travel turns spent in this place divided by the number of levels of this place that you've seen.
                   A       B       C       D       E      F
               +-------+-------+-------+-------+-------+----------------------
         Total | 100.0 | 100.0 |   0.0 |   0.0 |  30.2 |  43.0
       Dungeon | 100.0 | 100.0 |   0.0 |   0.0 |  30.2 |  43.0
               +-------+-------+-------+-------+-------+----------------------

Table legend:
 A = Kills in this place as a percentage of kills in entire the game.
 B = Kills by you in this place as a percentage of kills by you in the entire game.
 C = Kills by friends in this place as a percentage of kills by friends in the entire game.
 D = Other kills in this place as a percentage of other kills in the entire game.
 E = Experience gained in this place as a percentage of experience gained in the entire game.
 F = Experience gained in this place divided by the number of levels of this place that you have seen.
                   A       B       C       D       E      F
               +-------+-------+-------+-------+-------+----------------------
         Total | 100.0 | 100.0 |   N/A |   N/A | 100.0 |   1.0
       Dungeon | 100.0 | 100.0 |   N/A |   N/A | 100.0 |   1.0
               +-------+-------+-------+-------+-------+----------------------
